 Dungeon Crawl Stone Soup version 0.31-a0-1005-gfbdfbac (webtiles) character file.

Game seed: 13353005947480710775

567 Partyfoot the Trooper (level 7, -1/61 HPs)
             Began as a Yellow Draconian Conjurer on Nov 11, 2023.
             Slain by an iguana (11 damage)
             ... on level 5 of the Dungeon.
             The game lasted 00:11:23 (5692 turns).

Partyfoot the Trooper (Yellow Draconian Conjurer)   Turns: 5692, Time: 00:11:24

Health: -1/61      AC:  8    Str:  9    XL:     7   Next: 11%
Magic:  6/14       EV: 12    Int: 21    God:
Gold:   167        SH:  0    Dex: 15    Spells: 10/15 levels left

rFire   . . .        c - +0 spear (vamp)
rCold   . . .        (no shield)
rNeg    + . .        (body armour unavailable)
rPois   .            (helmet restricted)
rElec   .            (no cloak)
rCorr   +            (no gloves)
SInv    .            e - +1 pair of boots
Will    .....        (no amulet)
Stlth   ++           f - +6 ring of dexterity
HPRegen 0.30/turn    o - ring of positive energy
MPRegen 0.14/turn

%: no passive effects
@: no status effects
A: spit acid, AC +6, unfitting armour, cold-blooded, acid resistance
a: Breathe Acid


You were on level 5 of the Dungeon.
You visited 1 branch of the dungeon, and saw 5 of its levels.

You collected 167 gold pieces.

Inventory:

Hand Weapons
 c - a +0 vampiric spear (weapon)
Missiles
 w - 2 throwing nets
Armour
 e - a +1 pair of boots (worn)
Jewellery
 f - a +6 ring of dexterity (left hand)
 l - a +6 ring of dexterity
 o - a ring of positive energy (right hand)
 y - an amulet of the acrobat
Wands
 x - a wand of mindburst (3)
 D - a wand of paralysis (8)
 E - a wand of flame (13)
Scrolls
 d - 2 scrolls of fear {unknown}
 g - 2 scrolls of enchant weapon {unknown}
 h - 6 scrolls of identify {unknown}
 i - a scroll of immolation {unknown}
 j - a scroll of brand weapon {unknown}
 k - a scroll of fog {unknown}
 n - a scroll of butterflies {unknown}
 q - a scroll of vulnerability {unknown}
 s - 2 scrolls of noise {unknown}
 u - a scroll of amnesia {unknown}
Potions
 a - a potion of magic
 b - 3 potions of heal wounds
 m - 3 potions of resistance {unknown}
 p - a potion of cancellation {unknown}
 r - a potion of curing {unknown}
 t - 2 potions of haste {unknown}
 v - 2 potions of invisibility {unknown}
 z - a potion of degeneration {unknown}
 A - a potion of ambrosia {unknown}
 B - 2 potions of mutation {unknown}
 C - a potion of brilliance {unknown}


   Skills:
 + Level 5.0 Fighting
 - Level 1.7 Dodging
 - Level 1.7 Stealth
 + Level 4.6 Spellcasting
 - Level 4.0 Conjurations
 + Level 3.2 Translocations


You had 10 spell levels left.
You knew the following spells:

 Your Spells              Type           Power      Damage    Failure   Level
a - Magic Dart            Conj           84%        1d7       2%          1
b - Iskenderun's Mystic   Conj/Tloc      20%        2d6       26%         4

Your spell library contained the following spells:

 Spells                   Type           Power      Damage    Failure   Level
 Searing Ray              Conj           42%        2d6       3%          2
 Dazzling Flash           Conj/Hex       26%        N/A       14%         3
 Fulminant Prism          Conj/Hex       6%         3d6       43%         4


Dungeon Overview and Level Annotations

Branches:
Dungeon (5/15)
 Temple: D:4-7

Altars:
Gozag

Shops:
D:1 :

Annotations:
D:4 1 runed translucent door, Crazy Yiuf


Innate Abilities, Weirdness & Mutations

You can spit globs of acid.
Your golden yellow scales are hard. (AC +6)
You cannot fit into any form of body armour.
You are cold-blooded and may be slowed by cold attacks.
You are resistant to acid. (rCorr)


Message History

You hit the white imp. You tail-slap the white imp.
The white imp is almost dead.
You feel yourself speed up. The orc hits you with a +0 mace.
The iguana barely misses you. The white imp gestures at you.
The puff of frost hits you. The orc misses you. The iguana closely misses you.
The white imp closely misses you.
You hit the white imp but do no damage.
The white imp is almost dead.
The orc hits you but does no damage. The iguana barely misses you.
The white imp gestures at you. The puff of frost hits you!
You hit the white imp.
You kill the white imp!
The iguana bites you but does no damage.
The orc hits you with a +0 mace.
You hit the orc but do no damage.
The orc is heavily wounded.
The iguana bites you.
* * * LOW HITPOINT WARNING * * *
The orc closely misses you.
You hit the orc.
The orc is severely wounded.
The iguana barely misses you. The orc misses you.
You hit the orc.
You feel better.
The orc is almost dead.
The orc hits you but does no damage.
The iguana bites you but does no damage.
You hit the orc.
You feel better.
You kill the orc!
The iguana barely misses you. The iguana closely misses you.
You closely miss the iguana. The iguana bites you!
* * * LOW HITPOINT WARNING * * *
You closely miss the iguana.
Your tail-slap misses the iguana.
You have got your breath back.
The iguana misses you.
You hit the iguana but do no damage.
The iguana hisses menacingly.
The iguana bites you!
You die...

..###.#........##
......##........#
.......#...##......
.......†.#........#
........##...#......
.(......##...#......
...............#...##
..>#.###)......#..#
.. #. #@l........ # .
#)).......> ..
[#........ ..
..##....... ...
....... ...# .......
.... ....... .....
.##..


You could see an iguana.

Vanquished Creatures
  A black bear (D:4)
  A phantom (D:4)
  A scorpion (D:4)
  A hound (D:5)
  A jelly (D:4)
  An orc priest (D:5)
  Ijyb (D:4)
  Robin (D:4)
  2 gnolls (D:3)
  7 adders
  A white imp (D:5)
  2 worms
  6 dart slugs
  11 orcs
  7 ball pythons
  8 endoplasms
  9 giant cockroaches
  14 goblins
  7 hobgoblins
  6 quokkas
  A bat (D:2)
  4 frilled lizards
  8 kobolds
  7 rats
108 creatures vanquished.

Vanquished Creatures (others)
  An orc wizard (D:4)
1 creature vanquished.

Grand Total: 109 creatures vanquished

Notes
Turn   | Place    | Note
-------+----------+-------------------------------------------
     0 | D:1      | Partyfoot the Draconian Conjurer began the quest for the
                  | Orb.
     0 | D:1      | Reached XP level 1. HP: 14/14 MP: 3/3
    71 | D:1      | Noticed a walking crystal tome
   103 | D:1      | Found Elusch's Book Shoppe.
   103 | D:1      | Noticed a walking crystal tome
   238 | D:1      | Reached skill level 1 in Fighting
   321 | D:1      | Reached XP level 2. HP: 23/23 MP: 3/5
   379 | D:1      | Found a faded altar of an unknown god.
  1123 | D:2      | Reached skill level 2 in Fighting
  1215 | D:2      | Reached XP level 3. HP: 29/29 MP: 4/7
  2157 | D:2      | Reached XP level 4. HP: 37/37 MP: 5/8
  3019 | D:3      | Reached skill level 3 in Fighting
  3218 | D:3      | Found an opulent altar of Gozag.
  3296 | D:3      | Learned a level 4 spell: Iskenderun's Mystic Blast
  3950 | D:4      | Noticed a scorpion
  3961 | D:4      | Killed a scorpion
  3962 | D:4      | Reached skill level 1 in Translocations
  3962 | D:4      | Reached XP level 5. HP: 14/46 MP: 0/10
  4365 | D:4      | Noticed Robin
  4381 | D:4      | Killed Robin
  4382 | D:4      | Reached skill level 4 in Fighting
  4390 | D:4      | Noticed Ijyb
  4506 | D:4      | Noticed a phantom
  4516 | D:4      | Killed a phantom
  4517 | D:4      | Reached XP level 6. HP: 29/52 MP: 4/12
  5159 | D:4      | Killed Ijyb
  5308 | D:4      | Found a runed translucent door.
  5309 | D:4      | Noticed Crazy Yiuf
  5562 | D:5      | Entered Level 5 of the Dungeon
  5583 | D:5      | Your scales start taking on a golden yellow colour.
  5583 | D:5      | Reached XP level 7. HP: 52/60 MP: 4/13
  5583 | D:5      | Gained mutation: You are resistant to acid. (rCorr) [Yellow
                  | Draconian growth]
  5674 | D:5      | Reached skill level 5 in Fighting
  5692 | D:5      | Slain by an iguana

Illustrated notes

Levels and vault maps discovered:
D:1:      saegor_arrival_simple_a, layout_basic, serial_shops,
          nicolae_shop_mannequins, shapermc_ecumenical_altar_acropolis,
          minmay_misc_feat_tiny
D:2:      layout_basic
D:3:      wad_woods_tower, layout_loops_corners,
          mainiacjoe_overflow_surrounded_room
D:4:      cheibrodos_barr_body, layout_rooms, nicolae_goblin_pals,
          uniq_crazy_yiuf_cottage
D:5:      layout_cave_pools, mainiacjoe_overflow_catwalk,
          eino_small_chamber_without_monster

Skill      XL: |  1  2  3  4  5  6  7 |
---------------+----------------------+-----
Fighting       | 1 2 3 4 5 |  5.0
Spellcasting   | 3 4 |  4.6
Translocations | 1 2 3 |  3.2
Dodging        | |  1.7
Stealth        | |  1.7
Conjurations   | |  4.0

Action                     |  1- 3 |  4- 6 |  7- 9 || total
---------------------------+-------+-------+-------++-------
  Melee: Unarmed           |     2 |       |       ||     2
         Spear             |    12 |    48 |    23 ||    83
         Tailslap          |     4 |     2 |     2 ||     8
         Punch             |       |     1 |       ||     1
   Cast: Magic Dart        |    84 |   171 |    11 ||   266
Ability: Breathe Acid      |       |       |     1 ||     1
    Use: Potion            |       |     1 |       ||     1
 Armour: Skin              |     9 |    96 |    42 ||   147
  Dodge: Dodged            |     7 |    78 |    42 ||   127

Table legend: (Time is in decaauts)
 A = Elapsed time spent in this place.
 B = Non-inter-level travel time spent in this place.
 C = Inter-level travel time spent in this place.
 D = Time resting spent in this place.
 E = Time spent auto-exploring this place.
 F = Levels seen in this place.
 G = Mean time per level.
                   A        B        C        D        E       F      G
               +--------+--------+--------+--------+--------+-----+--------+
         Total |   5703 |   5473 |    230 |    769 |   4062 |   5 | 1140.6 |
       Dungeon |   5703 |   5473 |    230 |    769 |   4062 |   5 | 1140.6 |
               +--------+--------+--------+--------+--------+-----+--------+

Top non-repeatable levels by time:
     D:3: 1678 daAuts
     D:2: 1595 daAuts
     D:4: 1243 daAuts
     D:1: 1052 daAuts
     D:5: 133 daAuts
